 Dungeon Crawl Stone Soup version 0.29-a0-920-g5d2155ec51 (webtiles) character file.

Game seed: 9786574208115979876

1316 BlueGoblin the Basher (level 9, 0/78 HPs)
             Began as a Meteoran Fighter on July 27, 2022.
             Was an Initiate of Qazlal.
             Slain by a gnoll bouda
             ... wielding a +0 club
              (11 damage)
             ... on level 8 of the Dungeon.
             The game lasted 00:10:11 (3538 turns).

BlueGoblin the Basher (Meteoran Fighter)            Turns: 3538, Time: 00:10:13

Health: 0/78       AC:  7    Str: 23    XL:     9   Next: 13%
Magic:  10/10      EV: 10    Int: 10    God:    Qazlal [......]
Gold:   274        SH:  5    Dex: 13    Spells: 8/8 levels left

rFire   . . .      SeeInvis .   a - +0 flail
rCold   . . .      Faith    .   c - +0 buckler
rNeg    . . .      Spirit   .   b - +0 scale mail
rPois   +          Reflect  .   (no helmet)
rElec   .          Harm     .   (no cloak)
rCorr   .          Rampage  .   (no gloves)
Will    +....                   (no boots)
Stlth   ..........              (no amulet)
HPRegen 0.23/turn               l - ring of poison resistance
MPRegen 0.12/turn               (no ring)

@: weakened, glowing
A: sense surroundings 2, otherworldly, glowing, explore regen
a: Renounce Religion


You were on level 8 of the Dungeon.
You worshipped Qazlal.
Qazlal was noncommittal.
You visited 2 branches of the dungeon, and saw 9 of its levels.

You collected 274 gold pieces.

Inventory:

Hand Weapons
 a - a +0 flail (weapon)
 e - a +1 whip of draining
Armour
 b - a +0 scale mail (worn)
 c - a +0 buckler (worn)
 g - an orb of wrath
Jewellery
 j - a +4 ring of slaying
 l - a ring of poison resistance (left hand)
Wands
 o - a wand of paralysis (6)
Scrolls
 d - 2 scrolls of brand weapon {unknown}
 i - a scroll of enchant armour {unknown}
 k - a scroll of identify
 q - 6 scrolls of teleportation
Potions
 f - a potion of brilliance {unknown}
 h - 2 potions of mutation
 m - a potion of heal wounds {unknown}
 n - a potion of flight {unknown}
 p - 2 potions of degeneration {unknown}


   Skills:
 * Level 6.8 Fighting
 + Level 8.3 Maces & Flails
 + Level 6.7 Armour
 + Level 2.6 Dodging
 + Level 4.9 Shields


You had 8 spell levels left.
You didn't know any spells.
Your spell library contained the following spells:

 Spells                   Type           Power      Damage    Failure   Level
 Necrotise                Necr           0%         1d4       75%         1
 Shock                    Conj/Air       0%         1d3       75%         1
 Ensorcelled Hibernation  Hex/Ice        0%         N/A       86%         2
 Portal Projectile        Hex/Tloc       0%         N/A       98%         3
 Spider Form              Tmut/Pois      0%         N/A       98%         3
 Swiftness                Air            0%         N/A       98%         3
 Tukima's Dance           Hex            0%         N/A       98%         3
 Vampiric Draining        Necr           0%         2d6       98%         3
 Airstrike                Air            0%         0-1+      100%        4
 Anguish                  Hex/Necr       0%         N/A       100%        4
 Olgreb's Toxic Radiance  Pois           0%         N/A       100%        4
 Agony                    Necr           0%         N/A       100%        5
 Blade Hands              Tmut           0%         N/A       100%        5
 Ozocubu's Refrigeration  Ice            0%         4d5       100%        7
 Ignition                 Fire           0%         3d3       100%        8


Dungeon Overview and Level Annotations

Branches:
Dungeon (9/15) Zot: 1448   Temple (1/1) D:6 Zot: 324
   Lair: D:8-11         Orc: D:9-12

Altars:
Ashenzari
Cheibriados
Dithmenos
Elyvilon
Fedhas
Gozag
Hepliaklqana
Kikubaaqudgha
Makhleb
Nemelex Xobeh
Okawaru
Qazlal
Ru
Sif Muna
Trog
Uskayaw
Vehumet
Wu Jian
Xom
Yredelemnul
Zin
The Shining One


Innate Abilities, Weirdness & Mutations

You passively map the area around you.
You are easily found by Zot.
You glow in the dark.
You regain HP and MP as you explore.


Message History

* * * LOW HITPOINT WARNING * * *
The orc hits you with a +0 hand axe.
* * * LOW HITPOINT WARNING * * *
Something hits you but does no damage.
You sock the orc!
You kill the orc!
Qazlal accepts your kill. You block the gnoll bouda's attack.
Something hits you but does no damage.
You barely miss something. Something hits you but does no damage.
The gnoll bouda hits you but does no damage.
You hit the gnoll bouda.
The gnoll bouda is lightly wounded.
Something hits you but does no damage.
The gnoll bouda hits you with a +0 club.
* * * LOW HITPOINT WARNING * * *
You hit the gnoll bouda.
The gnoll bouda is moderately wounded.
You block something's attack.
The gnoll bouda hits you with a +0 club.
* * * LOW HITPOINT WARNING * * *
You hit the gnoll bouda but do no damage.
The gnoll bouda is moderately wounded.
You hear some strange, mumbled words.
Something tries to affect you, but you resist.
The gnoll bouda gazes fiercely through you!
You feel your attacks grow feeble. You block the gnoll bouda's attack.
You hit the gnoll bouda but do no damage.
The gnoll bouda is moderately wounded.
Something hits you but does no damage.
The gnoll bouda hits you with a +0 club.
* * * LOW HITPOINT WARNING * * *
You closely miss the gnoll bouda.
The gnoll bouda is lightly wounded.
Something hits you.
* * * LOW HITPOINT WARNING * * *
Something burns you.
* * * LOW HITPOINT WARNING * * *
The gnoll bouda hits you with a +0 club!
You die...

, ,, ** * * ,##*, *,* *
.. ##+## , *#. ##.>.## *
*####.. ##.....## ,
......#####.......##
***........)#)........#*
* ,
*,#......)@.........+ ,,
##...##g#.........# ##.
*#.##.......## * * #.
#.###.....## # #.#
##...## * ** #.# *#+#..
, , , ,, ..# .## * * ###
* # , , * * , *


You could see a gnoll bouda.

Vanquished Creatures
  2 water moccasins
  2 black bears
  3 ogres
  A bullfrog (D:4)
  3 scorpions
  A water moccasin skeleton (D:3)
  A hound (D:6)
  An orc priest (D:6)
  A centaur skeleton (D:3)
  An orc wizard (D:6)
  2 iguanas
  A hound zombie (D:3)
  A howler monkey zombie (D:3)
  6 gnolls
  6 adders
  A howler monkey skeleton (D:3)
  An ufetubus (D:4)
  A worm (D:5)
  3 dart slugs
  4 orcs
  9 ball pythons
  3 endoplasms
  3 giant cockroaches
  3 goblins
  7 hobgoblins
  3 jackals (D:1)
  6 kobolds
  2 quokkas
  4 bats
  7 frilled lizards
  A quokka zombie (D:3)
  6 rats
96 creatures vanquished.

Notes
Turn   | Place    | Note
-------+----------+-------------------------------------------
     0 | D:1      | BlueGoblin the Meteoran Fighter began the quest for the
                  | Orb.
     0 | D:1      | Reached XP level 1. HP: 19/19 MP: 2/2
    20 | D:1      | Found a faded altar of an unknown god.
   157 | D:1      | Reached XP level 2. HP: 13/26 MP: 3/3
   242 | D:1      | Reached skill level 3 in Maces & Flails
   445 | D:1      | Reached XP level 3. HP: 31/31 MP: 4/4
   479 | D:1      | Glimpsed the power of Zot.
   701 | D:2      | Reached XP level 4. HP: 32/38 MP: 5/5
   932 | D:3      | Reached skill level 4 in Maces & Flails
   932 | D:3      | Reached skill level 1 in Dodging
   932 | D:3      | Reached XP level 5. HP: 21/46 MP: 6/6
  1554 | D:3      | Reached XP level 6. HP: 49/52 MP: 7/7
  1592 | D:4      | Found a white marble altar of Elyvilon.
  1592 | D:4      | Noticed an ogre
  1634 | D:4      | Killed an ogre
  1635 | D:4      | Reached skill level 5 in Maces & Flails
  1807 | D:4      | Reached XP level 7. HP: 29/60 MP: 8/8
  1987 | D:4      | Reached skill level 5 in Fighting
  2067 | D:4      | Reached skill level 6 in Maces & Flails
  2067 | D:4      | Reached skill level 5 in Armour
  2251 | D:4      | Glimpsed the power of Zot.
  2271 | D:5      | Entered Level 5 of the Dungeon
  2367 | D:5      | Noticed a water moccasin
  2382 | D:5      | Killed a water moccasin
  2383 | D:5      | Reached XP level 8. HP: 45/70 MP: 9/9
  2540 | D:5      | Reached skill level 7 in Maces & Flails
  2672 | D:6      | Found a glowing silver altar of Zin.
  2887 | D:6      | Found a shimmering altar of Xom.
  3014 | D:6      | Found a stormy altar of Qazlal.
  3017 | D:6      | Found an iron altar of Okawaru.
  3020 | D:6      | Found a hazy altar of Hepliaklqana.
  3026 | D:6      | Became a worshipper of Qazlal Stormbringer
  3086 | D:6      | Found a staircase to the Ecumenical Temple.
  3099 | D:6      | Reached skill level 8 in Maces & Flails
  3099 | D:6      | Gained mutation: You passively map the area around you.
                  | [Meteoran growth]
  3099 | D:6      | Reached XP level 9. HP: 62/78 MP: 10/10
  3115 | Temple   | Entered the Ecumenical Temple
  3399 | D:6      | You fall into a shaft and drop 3 floors!
  3437 | D:9      | Found an opulent altar of Gozag.
  3538 | D:8      | Slain by a gnoll bouda

Illustrated notes

Levels and vault maps discovered:
D:1:      dpeg_arrival_court, layout_loops_ring,
          ebering_ecumenical_altar_abandoned
D:2:      layout_rooms
D:3:      layout_basic, serial_undead, serial_undead_a, serial_undead_a,
          serial_undead_a, serial_undead_a
D:4:      layout_loops_ring, mainiacjoe_overflow_six_doors_small
D:5:      layout_loops_cross
D:6:      layout_rooms, mainiacjoe_overflow_small_starburst,
          grunt_temple_overflow_cloverleaf, minmay_temple_entry_trees,
          uniq_crazy_yiuf_cottage
D:8:      layout_loops_corners
D:9:      layout_gridville, nicolae_gozag_seed_capital, enter_bailey_4
Temple:   hellmonk_temple_two_chambers

Skill      XL: |  1  2  3  4  5  6  7  8 |
---------------+-------------------------+-----
Maces & Flails | 3 4 5 6 8 |  8.3
Shields        | 4 |  4.9
Armour         | 4 5 6 |  6.7
Dodging        | 1 2 |  2.6
Fighting       | 4 5 6 |  6.8

Action                   |  1- 3 |  4- 6 |  7- 9 || total
-------------------------+-------+-------+-------++-------
Melee: Flail             |   111 |   113 |   171 ||   395
  Use: Scroll            |     1 |     2 |     2 ||     5
       Potion            |       |     1 |     3 ||     4
Armor: Scale mail        |   104 |    56 |    85 ||   245
Dodge: Dodged            |    76 |    41 |    85 ||   202
Block: Buckler           |    60 |    27 |    33 ||   120

Table legend: (Time is in decaauts)
 A = Elapsed time spent in this place.
 B = Non-inter-level travel time spent in this place.
 C = Inter-level travel time spent in this place.
 D = Time resting spent in this place.
 E = Time spent auto-exploring this place.
 F = Levels seen in this place.
 G = Mean time per level.
                   A        B        C        D        E       F      G
               +--------+--------+--------+--------+--------+-----+--------+
         Total |   3626 |   3551 |     75 |   1060 |   1095 |   9 |  402.9 |
       Dungeon |   3350 |   3275 |     75 |    798 |   1095 |   8 |  418.8 |
        Temple |    276 |    276 |      0 |    262 |      0 |   1 |  276.0 |
               +--------+--------+--------+--------+--------+-----+--------+

Top non-repeatable levels by time:
     D:4: 702 daAuts
     D:3: 681 daAuts
     D:6: 512 daAuts
     D:1: 511 daAuts
     D:2: 423 daAuts
     D:5: 379 daAuts
  Temple: 276 daAuts
     D:9: 94 daAuts
     D:8: 44 daAuts
